 Dungeon Crawl Stone Soup version 0.32-a0-772-g33df2375a9 (webtiles) character file.

Game seed: 1483654651225546969

921 Ajdolov the Skirmisher (level 8, 0/68 HPs)
             Began as a Ghoul Hunter on Mar 19, 2024.
             Killed from afar by an orc wizard (9 damage)
             ... with a magic dart
             ... on level 5 of the Dungeon.
             The game lasted 00:10:42 (5190 turns).

Ajdolov the Skirmisher (Ghoul Hunter)               Turns: 5190, Time: 00:10:43

Health: 0/68       AC:  3    Str: 20    XL:     8   Next: 10%
Magic:  8/8        EV: 26    Int:  8    God:
Gold:   274        SH:  0    Dex: 14    Spells: 7/7 levels left

rFire   . . .        a - +0 shortbow
rCold   + . .        (shield currently unavailable)
rNeg    + + +        c - +0 leather armour
rPois   ∞            (no helmet)
rElec   +            (no cloak)
rCorr   .            (no gloves)
SInv    .            (no boots)
Will    .....        w - amulet of the acrobat
Stlth   +            D - ring "Bial" {rElec rPois Str+5}
HPRegen 0.00/turn    (no ring)
MPRegen 0.11/turn

%: acrobat
@: acrobatic, inhibited regen, invisible
A: claws 1, cold resistance 1, negative energy resistance 3, inhibited
regeneration, torment resistance 2, devour on kill
a: no special abilities


You were on level 5 of the Dungeon.
You visited 1 branch of the dungeon, and saw 8 of its levels.

You collected 274 gold pieces.

Inventory:

Hand Weapons
 a - a +0 shortbow (weapon)
 y - a +1 orcbow
Missiles
 d - a throwing net
Armour
 c - a +0 leather armour (worn)
Jewellery
 u - a ring of ice
 w - an amulet of the acrobat (around neck)
 D - the ring "Bial" (left claw) {rElec rPois Str+5}
   (You found it on level 8 of the Dungeon)

   [ring of poison resistance]

   Str+5:     It affects your strength (+5).
   rElec:     It insulates you from electricity.
   rPois:     It protects you from poison.
Wands
 q - a wand of polymorph (2)
 r - a wand of digging (3)
Scrolls
 b - a scroll of immolation {unknown}
 e - a scroll of fog
 k - a scroll of vulnerability
 n - a scroll of teleportation
 t - a scroll of enchant armour {unknown}
 v - a scroll of amnesia
Potions
 g - a potion of curing {unknown}
 i - a potion of ambrosia {unknown}
 l - a potion of brilliance
 m - 2 potions of mutation
 o - a potion of berserk rage {unknown}
 s - a potion of lignification {unknown}
 z - a potion of might {unknown}
 A - a potion of attraction
 B - a potion of haste {unknown}
 C - a potion of cancellation {unknown}


   Skills:
 - Level 5.0 Fighting
 + Level 8.2 Ranged Weapons
 - Level 1.7 Dodging
 - Level 1.1 Stealth


You had 7 spell levels left.
You didn't know any spells.
Your spell library contained the following spells:

 Spells                   Type           Power      Damage    Failure   Level
 Magic Dart               Conj           0%         1d3       45%         1
 Blink                    Tloc           0%         N/A       61%         2
 Call Imp                 Summ           0%         N/A       61%         2
 Inner Flame              Hex/Fire       0%         N/A       83%         3
 Irradiate                Conj/Alch      0%         3d11      100%        5
 Ignition                 Fire           0%         3d3       100%        8


Dungeon Overview and Level Annotations

Branches:
Dungeon (8/15)
 Temple: D:4-7         Lair: D:8-11

Altars:
Kikubaaqudgha
Okawaru
Qazlal
Wu Jian
Yredelemnul

Annotations:
D:4 Robin


Innate Abilities, Weirdness & Mutations

You are immune to poison.
You have sharp fingernails.
Your flesh is cold resistant. (rC+)
You are immune to negative energy. (rN+++)
You do not regenerate when monsters are visible.
You are immune to unholy pain and torment.
You thrive by killing the living.


Message History

You hear some strange, mumbled words.
A puff of flame appears from out of thin air!
The puff of flame hits you.
Unknown command.
You are too injured to fight recklessly!
You are too injured to fight recklessly!
You shoot an arrow.
The arrow closely misses the orc wizard.
The orc wizard hits you with a +0 dagger.
You shoot an arrow. The arrow hits the orc wizard.
You kill the orc wizard!
You shoot an arrow.
You hear some strange, mumbled words.
A puff of flame appears from out of thin air!
The puff of flame misses you.
You shoot an arrow. Something hits you.
You shoot an arrow. Something hits you.
You shoot an arrow.
You hear some strange, mumbled words.
A puff of flame appears from out of thin air!
The puff of flame hits you!
* * * LOW HITPOINT WARNING * * *
You shoot an arrow. Something hits you.
* * * LOW HITPOINT WARNING * * *
You shoot an arrow. Something hits you.
* * * LOW HITPOINT WARNING * * *
You shoot an arrow. Something hits you.
* * * LOW HITPOINT WARNING * * *
Unknown command.
Okay, then.
You shoot an arrow. Something hits you but does no damage.
Unknown command.
Okay, then.
Okay, then.
It was a potion of invisibility.
You fade into invisibility!
Something barely misses you.
A magic dart appears from out of thin air!
The magic dart hits you!
You die...

#########
#.......#
#.......####
#..........#
###.#...##.#
#.#...##@#
#.######.#
#.# #{# #.#
#.# #.# #.#
#.# #..))..#
#.# ######.#
#.# #>#


There were no monsters in sight!

Vanquished Creatures
  Prince Ribbit (D:8)
  A wyvern (D:8)
  An ice beast (D:6)
  2 centaurs (D:8)
  A howler monkey (D:6)
  A bombardier beetle (D:4)
  A hound (D:4)
  An iguana (D:4)
  An orc wizard (D:5)
  7 gnolls
  2 adders (D:4)
  A dart slug (D:2)
  A ribbon worm (D:2)
  5 orcs
  5 endoplasms
  5 giant cockroaches
  8 goblins
  10 hobgoblins
  8 kobolds
  5 quokkas
  7 ball pythons
  10 bats
  5 frilled lizards
  3 rats (D:1)
92 creatures vanquished.

Notes
Turn   | Place    | Note
-------+----------+-------------------------------------------
     0 | D:1      | Ajdolov the Ghoul Hunter began the quest for the Orb.
     0 | D:1      | Reached XP level 1. HP: 17/17 MP: 1/1
    80 | D:1      | Reached XP level 2. HP: 12/26 MP: 2/2
   288 | D:1      | Reached XP level 3. HP: 33/33 MP: 3/3
  1111 | D:3      | Found a basalt altar of Yredelemnul.
  1111 | D:3      | Found an ancient bone altar of Kikubaaqudgha.
  1111 | D:3      | Found an ornate altar of the Wu Jian Council.
  1112 | D:3      | Found a stormy altar of Qazlal.
  1251 | D:3      | Reached XP level 4. HP: 23/41 MP: 4/4
  2009 | D:2      | Found a faded altar of an unknown god.
  2036 | D:2      | Reached skill level 5 in Fighting
  2119 | D:2      | a gnoll changed into a wolf
  2119 | D:2      | Noticed a wolf
  2125 | D:2      | HP: 2/42 [wolf (4)]
  2126 | D:2      | a wolf changed into a gnoll
  2158 | D:2      | Reached skill level 4 in Ranged Weapons
  2237 | D:2      | Reached XP level 5. HP: 48/48 MP: 5/5
  3355 | D:4      | Noticed a two-headed ogre
  3367 | D:4      | Noticed Robin
  3539 | D:4      | Reached skill level 5 in Ranged Weapons
  3827 | D:4      | Reached XP level 6. HP: 48/56 MP: 6/6
  4160 | D:5      | Entered Level 5 of the Dungeon
  4179 | D:5      | You fall into a shaft and drop 3 floors!
  4193 | D:8      | Found an iron altar of Okawaru.
  4215 | D:8      | Identified the ring "Bial" {rElec rPois Str+5}
  4229 | D:8      | Noticed an orc warrior
  4288 | D:8      | Reached skill level 6 in Ranged Weapons
  4522 | D:8      | Noticed Prince Ribbit
  4523 | D:8      | Noticed a wyvern
  4540 | D:8      | Killed a wyvern
  4541 | D:8      | Reached XP level 7. HP: 28/61 MP: 7/7
  4546 | D:8      | Killed Prince Ribbit
  4547 | D:8      | Reached skill level 7 in Ranged Weapons
  4747 | D:8      | Noticed a wyvern
  4816 | D:6      | Reached skill level 8 in Ranged Weapons
  4816 | D:6      | Reached XP level 8. HP: 45/68 MP: 8/8
  4921 | D:6      | Noticed a yak
  4922 | D:6      | Noticed a yak
  5190 | D:5      | Killed from afar by an orc wizard

Illustrated notes

Levels and vault maps discovered:
D:1:      scummos_arrival_gate, layout_basic, minmay_tetromino_i4
D:2:      layout_basic, dreamdust_ecumenical_altar_hidden_monk_grotto,
          kennysheep_generic_room_6
D:3:      layout_basic, grunt_temple_overflow_open
D:4:      layout_basic, kennysheep_cluttered_room, uniq_robin
D:5:      layout_basic, nicolae_dithmenos_the_darkroom, uniq_sigmund
D:6:      layout_loops_cross, minmay_temple_entry_proselytizer, serial_demonic,
          serial_demonic_c, serial_demonic_c, serial_demonic_g,
          serial_demonic_a, dk_noncrumbling_3
D:7:      layout_layer_cave, gammafunk_temple_overflow_elements,
          gammafunk_temple_overflow_claw, serial_shops,
          nicolae_book_shop_shelving, ebering_ghost_disaster_area,
          minmay_ruffians
D:8:      kennysheep_six_static_rooms, layout_layer_cave,
          okawaru_metal_pillars_3, uniq_pikel, uniq_prince_ribbit1

Skill      XL: |  1  2  3  4  5  6  7 |
---------------+----------------------+-----
Fighting       | 3 4 5 |  5.0
Ranged Weapons | 4 5 6 8 |  8.2
Dodging        | |  1.7
Stealth        | |  1.1

Action                     |  1- 3 |  4- 6 |  7- 9 || total
---------------------------+-------+-------+-------++-------
   Fire: Shortbow          |   122 |   197 |    83 ||   402
  Evoke: Wand              |       |     8 |       ||     8
    Use: Potion            |       |     5 |     1 ||     6
         Scroll            |       |     7 |     3 ||    10
 Armour: Leather armour    |    47 |   105 |    49 ||   201
  Dodge: Dodged            |    49 |   130 |    40 ||   219

Table legend: (Time is in decaauts)
 A = Elapsed time spent in this place.
 B = Non-inter-level travel time spent in this place.
 C = Inter-level travel time spent in this place.
 D = Time resting spent in this place.
 E = Time spent auto-exploring this place.
 F = Levels seen in this place.
 G = Mean time per level.
                   A        B        C        D        E       F      G
               +--------+--------+--------+--------+--------+-----+--------+
         Total |   5268 |   4824 |    444 |    625 |   2943 |   8 |  658.5 |
       Dungeon |   5268 |   4824 |    444 |    625 |   2943 |   8 |  658.5 |
               +--------+--------+--------+--------+--------+-----+--------+

Top non-repeatable levels by time:
     D:3: 1373 daAuts
     D:2: 1336 daAuts
     D:1: 783 daAuts
     D:4: 740 daAuts
     D:8: 589 daAuts
     D:5: 246 daAuts
     D:6: 166 daAuts
     D:7: 32 daAuts
